Map: 亚历山大港 - 天梯版

Players

EnDerr - Winner!

  • Race: Zerg Zerg
  • League: Diamond

Seventy

  • Race: Protoss Protoss
  • League: Diamond

Event: WESG 2018 Grand Finals

VOD

Have the link to the VOD?

Description

Time

  • Played on: March 12, 2019, 3:43 a.m.
  • Length: 4:23

All games in this series

Show
View Real Time Build Order
Export as new Build Order

EnDerr Zerg - Winner!

Build Orders: Pool First 

Get SALT Encoding   

  12  0:00  Drone  
  13  0:09  Drone  
  14  0:18  Overlord  
  14  0:36  Drone x3  
  14  0:41  Extractor  
  16  0:49  Spawning Pool  
  15  0:51  Drone  
  16  0:59  Drone  
  17  1:11  Drone  
  18  1:22  Hatchery  
  17  1:29  Drone  
  18  1:36  Zergling x2  
  19  1:43  Metabolic Boost  
  19  1:52  Zergling x4  
  21  2:08  Spine Crawler  
  21  2:10  Roach Warren  
  21  2:12  Queen  
  21  2:19  Drone  
  22  2:25  Overlord  
  21  2:37  Drone x3  
  21  2:44  Extractor  
  23  2:47  Drone x2  
  25  2:59  Roach x2  
  28  3:09  Overlord  
  28  3:11  Roach  
  29  3:19  Ravager  
  30  3:21  Ravager  
  30  3:22  Zergling x2  
  30  3:23  Zergling x2  
  33  3:30  Roach  
  35  3:40  Ravager  
  36  3:45  Drone  
  36  3:47  Zergling x6  
  40  3:55  Ravager  
  41  3:58  Zergling x6  
Show
View Real Time Build Order
Export as new Build Order

Seventy Protoss 

Build Orders: Cannon Rush 

Get SALT Encoding   

  1  0:00  Probe  
  13  0:13  Pylon  
  13  0:15  Probe  
  14  0:27  Probe  
  15  0:36  Forge  
  15  0:43  Probe  
  16  0:55  Pylon  
  16  0:57  Probe  
  17  1:05  Pylon  
  17  1:10  Pylon  
  17  1:25  Photon Cannon  
  17  1:26  Photon Cannon  
  17  1:33  Pylon  
  17  1:38  Probe, Assimilator  
  18  1:50  Probe  
  19  1:56  Photon Cannon  
  19  1:59  Photon Cannon  
  19  2:02  Photon Cannon  
  19  2:03  Probe  
  20  2:11  Assimilator  
  20  2:12  Probe  
  21  2:26  Gateway  
  21  2:34  Photon Cannon  
  21  2:38  Probe  
  22  2:47  Photon Cannon  
  22  2:50  Probe  
  23  2:54  Photon Cannon  
  23  3:14  Zealot  
  23  3:16  Cybernetics Core  
  23  3:17  Pylon  
  25  3:22  Pylon  
  25  3:35  Photon Cannon  
  25  3:50  Gateway  
  25  3:58  Robotics Facility  
  25  4:02  Shield Battery  
  25  4:07  Shield Battery  
Tags
 
Add a new tag
Caveats
  • Supply blocks, unpowered buildings, or Contaminate may cause inaccurate times.
  • Supply counts are checked every 10 seconds.